 Dungeon Crawl Stone Soup version 0.28.0-49-g6dfe1f597d (webtiles) character file.

Game seed: 5961511105749754026

9692 Exodus22XD the Cleaver (level 11, -4/99 HPs)
             Began as a Minotaur Fighter on May 20, 2022.
             Was a Priest of Jiyva.
             Slain by a boulder beetle (36 damage)
             ... on level 9 of the Dungeon.
             The game lasted 00:11:16 (5197 turns).

Exodus22XD the Cleaver (Minotaur Fighter)           Turns: 5197, Time: 00:11:16

Health: -4/99      AC: 16    Str: 31    XL:     11   Next: 26%
Magic:  10/10      EV: 10    Int:  5    God:    Jiyva [***...]
Gold:   351        SH:  5    Dex: 10    Spells: 10/10 levels left

rFire   . . .      SeeInvis .   H - +3 broad axe
rCold   . . .      Faith    .   c - +0 buckler
rNeg    . . .      Spirit   .   I - +0 plate armour
rPois   .          Reflect  .   (helmet restricted)
rElec   .          Harm     .   (no cloak)
rCorr   +          Rampage  .   (no gloves)
Will    +....                   (no boots)
Stlth   ..........              (no amulet)
HPRegen 1.38/turn               h - +6 ring of strength
MPRegen 0.47/turn               i - ring of willpower

@: no status effects
A: horns 2, retaliatory headbutt, wild magic 3, gelatinous body 2, jelly
absorbing missiles, MP-powered wands
a: Renounce Religion, Oozemancy


You were on level 9 of the Dungeon.
You worshipped Jiyva.
Jiyva was most pleased with you.
You visited 1 branch of the dungeon, and saw 9 of its levels.
You also visited: Sewer.

You collected 351 gold pieces.

Inventory:

Hand Weapons
 a - a +0 war axe
 o - a +0 whip of electrocution
 t - a +0 morningstar
 G - a +3 trident
 H - a +3 broad axe (weapon)
Missiles
 k - 3 throwing nets (quivered)
Armour
 c - a +0 buckler (worn)
 w - a scarf of invisibility
 A - a +0 chain mail
 I - a +0 plate armour (worn)
Jewellery
 b - an amulet of regeneration
 h - a +6 ring of strength (left hand)
 i - a ring of willpower (right hand)
Wands
 r - a wand of paralysis (3)
 E - a wand of digging (4)
Scrolls
 f - a scroll of teleportation
 j - 2 scrolls of magic mapping
 q - a scroll of amnesia
 v - a scroll of summoning
 x - 2 scrolls of enchant weapon {unknown}
 y - a scroll of enchant armour {unknown}
 z - a scroll of fear {unknown}
 B - a scroll of fog {unknown}
 C - a scroll of identify
 D - a scroll of immolation {unknown}
Potions
 d - a potion of might
 e - a potion of berserk rage
 g - 2 potions of curing
 l - a potion of heal wounds
 m - 4 potions of resistance
 n - a potion of magic {unknown}
 p - a potion of cancellation {unknown}
 s - a potion of brilliance {unknown}
 u - 2 potions of haste {unknown}
 F - a potion of flight {unknown}


   Skills:
 + Level 10.1 Fighting
 + Level 14.7 Axes
 + Level 10.9 Armour
 + Level 7.2 Shields


You had 10 spell levels left.
You didn't know any spells.
Your spell library was empty.

Dungeon Overview and Level Annotations

Branches:
Dungeon (9/15)             Temple (0/1) D:6           Sewer (visited)
   Lair: D:8-11         Orc: D:9-12

Altars:
Zin
Jiyva

Shops:
D:4 :   D:7 [

Annotations:
D:9 3 runed translucent doors


Innate Abilities, Weirdness & Mutations

You have a pair of horns on your head.
You reflexively headbutt those who attack you in melee.
Your spells are much harder to cast, but much more powerful.
Your pliable body absorbs attacks. (AC +2, EV +2)
You have a small jelly attached to you that may absorb projectiles.
You expend magic power (3 MP) to strengthen your wands.


Message History

The walls burn the gargoyle!
The gargoyle hurls a stone arrow at you.
The stone arrow hits you!
* * * LOW HITPOINT WARNING * * *
You feel much better.
The walls burn the gargoyle!
The gargoyle hits you but does no damage.
The walls burn the deep elf pyromancer!
The deep elf pyromancer points at you and mumbles some strange words.
The bolt of fire hits you!!
* * * LOW HITPOINT WARNING * * *
You hit the gargoyle but do no damage.
You headbutt the gargoyle, but do no damage.
The gargoyle is almost destroyed.
You slash the deep elf pyromancer!
The walls burn the gargoyle!
You destroy the gargoyle!
The walls burn the deep elf pyromancer!
You block the deep elf pyromancer's attack.
Your Fighting skill increases to level 10!
You barely miss the deep elf pyromancer.
The deep elf pyromancer is almost dead.
You hear a distant slurping noise.
You hear a slurping noise.
The walls burn the deep elf pyromancer!
You kill the deep elf pyromancer!
You hear a slurping noise.
You see here a +0 long sword.
You swap places.
You hear a slurping noise. x2
The jelly splits in two!
A boulder beetle comes into view.
You hear a slurping noise.
You stop calling forth ooze.
Things that are here:
the +10 zealot's sword {holy, *Rage rN+ EV+3}; the ring "Erymaos" {Will+ Str-5 Int+4}
Okay, then.
Okay, then.
Okay, then.
Okay, then.
The boulder beetle curls into a ball and begins rolling!
The boulder beetle hits you!!!
You die...

.. .... ... ###'### ... ...
##..#..## .^.. ####.####
##..#.#..##..##. #.......#.
##..#...#..##.##..#.......#.
#..#..#..#..#.# #.#.......#.
#.#..#.#..#.#.# #..J..8.)...
#..#...#..#'.###.#.......#.
#..#.#..#@#.....#.......#.
#°B#..#B.#.....#..))...#.
#B.#J.○#○.##.....####)####.
##J.#.#°.##..........†)....
##..#..##.................
.....###................<.
#.....##...################.
##...# ##..################.
##.# ##........>.........


You could see a boulder beetle (rolling).

Vanquished Creatures
  A rakshasa (D:9)
  A centaur warrior (D:9)
  A two-headed ogre (D:8)
  2 deep elf pyromancers (D:9)
  A cyclops (D:9)
  2 ugly things (D:9)
  A gargoyle (D:9)
  A troll (D:9)
  Prince Ribbit (D:6)
  A blink frog (shapeshifter) (D:8)
  Sigmund (D:6)
  A wyvern (D:9)
  2 wraiths (D:9)
  A vampire mosquito (D:9)
  8 yaks (D:9)
  3 water moccasins
  5 orc warriors
  A sky beast (D:6)
  2 ogres
  A centaur (D:7)
  3 phantoms
  7 kobold brigands
  A gnoll sergeant (D:9)
  2 bullfrogs
  A scorpion (D:5)
  3 howler monkeys
  3 wights (D:7)
  5 orc priests
  2 gnoll shamans
  4 iguanas
  7 orc wizards
  A hound skeleton (D:4)
  11 gnolls
  8 adders
  2 howler monkey skeletons
  A river rat (D:3)
  A shadow imp (D:5)
  An adder skeleton (D:4)
  A worm (D:5)
  3 dart slugs
  24 orcs
  3 bats (Sewer)
  3 giant cockroaches (Sewer)
  5 goblins
  11 hobgoblins
  4 jackals (D:1)
  2 quokkas
  7 ball pythons
  3 frilled lizards
  23 kobolds
  5 rats
194 creatures vanquished.

Vanquished Creatures (collateral kills)
  Menkaure (D:6)
  An orc wizard (D:8)
  A gnoll (D:6)
  An orc (D:8)
4 creatures vanquished.

Vanquished Creatures (others)
  The ghost of Sensen the Ducker, a novice HOAM of Beogh (D:9)
  A slime creature (D:9)
  A steam dragon (D:7)
  A bullfrog (D:7)
  2 wights (D:7)
  2 howler monkeys
  2 orc priests
  A gnoll shaman (D:6)
  2 centaur zombies
  19 jellies
  An iguana (D:6)
  An orc wizard (D:5)
  A gnoll (D:6)
  An adder (D:5)
  A dart slug (D:2)
  6 orcs
  2 ball pythons (D:4)
  An endoplasm (D:1)
  2 giant cockroaches
  3 hobgoblins
  2 jackals (D:5)
  2 quokkas
  2 bats (Sewer)
  A frilled lizard (D:2)
  4 kobolds
  3 rats
  9 fungi
  25 plants
99 creatures vanquished.

Grand Total: 297 creatures vanquished

Notes
Turn   | Place    | Note
-------+----------+-------------------------------------------
     0 | D:1      | Exodus22XD the Minotaur Fighter began the quest for the
                  | Orb.
     0 | D:1      | Reached XP level 1. HP: 19/19 MP: 0/0
   135 | D:1      | Reached XP level 2. HP: 27/27 MP: 1/1
   135 | D:1      | Found a faded altar of an unknown god.
   151 | D:1      | Prayed at the altar of an unknown god.
   151 | D:1      | Became a worshipper of Jiyva Junusuck the Shapeless
   151 | D:1      | Reached * piety under Jiyva
   571 | D:2      | Reached ** piety under Jiyva
   699 | D:2      | Reached skill level 3 in Axes
   699 | D:2      | Reached XP level 3. HP: 33/33 MP: 2/2
  1063 | D:3      | Reached XP level 4. HP: 25/40 MP: 3/3
  1066 | D:3      | Reached skill level 4 in Axes
  1254 | D:3      | Found a glowing drain.
  1268 | Sewer    | Entered a sewer
  1291 | Sewer    | Reached *** piety under Jiyva
  1294 | Sewer    | Noticed a kobold brigand
  1294 | Sewer    | Noticed a kobold brigand
  1300 | Sewer    | Killed a kobold brigand
  1301 | Sewer    | Reached XP level 5. HP: 22/47 MP: 0/4
  1302 | Sewer    | Reached skill level 5 in Axes
  1302 | Sewer    | Reached skill level 5 in Armour
  1302 | Sewer    | Reached XP level 6. HP: 27/53 MP: 1/5
  1391 | Sewer    | Reached skill level 5 in Fighting
  1391 | Sewer    | Reached skill level 6 in Axes
  1748 | D:4      | Found Beant's Self-Improvement Boutique.
  1832 | D:4      | Reached XP level 7. HP: 61/61 MP: 6/6
  1901 | D:4      | Gained mutation: Your rubbery body absorbs attacks. (AC +1,
                  | EV +1) [Jiyva's grace]
  1901 | D:4      | Gained mutation: Your pliable body absorbs attacks. (AC +2,
                  | EV +2) [Jiyva's grace]
  1901 | D:4      | Gained mutation: Your gelatinous body deflects attacks. (AC
                  | +3, EV +3) [Jiyva's grace]
  1901 | D:4      | Gained mutation: You have a small jelly attached to you
                  | that may absorb projectiles. [Jiyva's grace]
  1981 | D:4      | Reached **** piety under Jiyva
  2241 | D:5      | Entered Level 5 of the Dungeon
  2405 | D:5      | Reached skill level 5 in Shields
  2420 | D:5      | Reached skill level 7 in Axes
  2706 | D:6      | Reached XP level 8. HP: 68/70 MP: 7/7
  2718 | D:6      | Reached skill level 8 in Axes
  2747 | D:6      | Reached ***** piety under Jiyva
  2760 | D:6      | Noticed Prince Ribbit
  2779 | D:6      | Killed Prince Ribbit
  2941 | D:6      | Found a staircase to the Ecumenical Temple.
  3068 | D:6      | Noticed Menkaure
  3076 | D:6      | Killed Menkaure
  3077 | D:6      | Reached skill level 9 in Axes
  3276 | D:6      | Noticed Sigmund
  3293 | D:6      | Killed Sigmund
  3538 | D:7      | Reached XP level 9. HP: 78/78 MP: 8/8
  3600 | D:7      | Reached skill level 10 in Axes
  3643 | D:7      | Found Diygic's Antique Armour Boutique.
  3685 | D:7      | Found a glowing silver altar of Zin.
  3722 | D:7      | Lost mutation: Your gelatinous body deflects attacks. (AC
                  | +3, EV +3) [Jiyva's grace]
  3722 | D:7      | Gained mutation: You expend magic power (3 MP) to
                  | strengthen your wands. [Jiyva's grace]
  3722 | D:7      | Gained mutation: Your spells are a little harder to cast,
                  | but a little more powerful. [Jiyva's grace]
  3722 | D:7      | Gained mutation: Your spells are harder to cast, but more
                  | powerful. [Jiyva's grace]
  3722 | D:7      | Gained mutation: Your spells are much harder to cast, but
                  | much more powerful. [Jiyva's grace]
  4323 | D:8      | Noticed a two-headed ogre
  4330 | D:8      | Killed a two-headed ogre
  4331 | D:8      | Reached skill level 11 in Axes
  4590 | D:8      | Noticed a rime drake
  4591 | D:8      | a rime drake changed into something unseen
  4596 | D:8      | Reached skill level 12 in Axes
  4869 | D:9      | Killed Sensen's ghost
  4940 | D:9      | Reached XP level 10. HP: 36/88 MP: 6/9
  4956 | D:9      | Noticed a deep elf pyromancer
  4956 | D:9      | Noticed a death knight
  4956 | D:9      | Noticed a manticore
  4957 | D:9      | Found a runed translucent gate.
  4957 | D:9      | Found a runed translucent gate.
  4957 | D:9      | Found a viscous altar of Jiyva.
  4957 | D:9      | Found a runed translucent gate.
  4962 | D:9      | Noticed a rakshasa
  4980 | D:9      | Killed a deep elf pyromancer
  4985 | D:9      | Killed a rakshasa
  4986 | D:9      | Reached skill level 13 in Axes
  4986 | D:9      | Reached skill level 10 in Armour
  4989 | D:9      | Slimified a death knight
  4989 | D:9      | a death knight changed into a slime creature
  5026 | D:9      | Noticed a cyclops
  5031 | D:9      | Killed a cyclops
  5032 | D:9      | Noticed a centaur warrior
  5032 | D:9      | Noticed a white ugly thing
  5032 | D:9      | Noticed a brown ugly thing
  5043 | D:9      | Killed a centaur warrior
  5047 | D:9      | Killed a brown ugly thing
  5048 | D:9      | Reached skill level 14 in Axes
  5050 | D:9      | Killed a brown ugly thing
  5144 | D:9      | Reached XP level 11. HP: 89/99 MP: 10/10
  5173 | D:9      | Identified the ring "Erymaos" {Will+ Str-5 Int+4}
  5178 | D:9      | Noticed a deep elf pyromancer
  5188 | D:9      | Reached skill level 10 in Fighting
  5188 | D:9      | Killed a deep elf pyromancer
  5190 | D:9      | Noticed a boulder beetle
  5197 | D:9      | Slain by a boulder beetle

Illustrated notes

Levels and vault maps discovered:
D:1:      dpeg_arrival_radiant, layout_basic,
          shapermc_ecumenical_altar_mp_ritualfount, serial_park_tiny_2
D:2:      layout_basic, grunt_ministairs_3, minmay_misc_feat_diagonals,
          chequers_serial_rivers_micro_d
D:3:      layout_basic, portal_sewer_entry_e, feat_on_display
D:4:      layout_gridville, hangedman_decor_growths, grunt_decor_mini_mirrors,
          chequers_garden, nicolae_shop_self_help
D:5:      layout_gridville
D:6:      layout_loops_cross, temple_statues, sigmund_army, uniq_menkaure,
          uniq_prince_ribbit1
D:7:      layout_basic, lemuel_round_altar, serial_shops,
          nicolae_shop_statue_plus, nrook_loot_triangle, columned_hall_lemuel,
          dk_noncrumbling_3
D:8:      layout_loops_ring
D:9:      minmay_the_grid_octo_triangle [minmay_the_grid_octo_thin_diamonds,
          minmay_the_grid_octo_prize_star, minmay_the_grid_octo_clover_2],
          layout_long_grid, gammafunk_ghost_ooze, minivault_28

Skill      XL: |  1  2  3  4  5  6  7  8  9 10 11 |
---------------+----------------------------------+-----
Shields        | 4 5 6 7 |  7.2
Fighting       | 4 5 6 8 9 10 | 10.1
Axes           | 3 4 5 6 7 9 12 14 | 14.7
Armour         | 4 5 6 8 9 10 | 10.9

Action                   |  1- 3 |  4- 6 |  7- 9 | 10-12 || total
-------------------------+-------+-------+-------+-------++-------
Melee: War axe           |    70 |    65 |   258 |    41 ||   434
       Headbutt          |     8 |     7 |    42 |    24 ||    81
       Broad axe         |       |       |       |    54 ||    54
Invok: Oozemancy         |       |     1 |     3 |     3 ||     7
       Slimify           |       |       |       |     1 ||     1
  Use: Potion            |       |     1 |       |     1 ||     2
       Scroll            |       |       |     9 |       ||     9
Armor: Scale mail        |    50 |    35 |    72 |       ||   157
       Chain mail        |       |       |    24 |     9 ||    33
       Plate armour      |       |       |       |    30 ||    30
Dodge: Dodged            |    39 |    31 |   138 |    34 ||   242
Block: Buckler           |    14 |    20 |    47 |    24 ||   105
